[Event "Titled Tuesday Blitz January 03 Early 2023"]
[White "Puranik, Abhimanyu"]
[Black "Vaibhav, Suri"]
[WhiteFideId "5061245"]
[BlackFideId "5045185"]
[WhiteElo "2613"]
[BlackElo "2595"]
[Result "1-0"]
[Round "05"]
[TimeControl "180+2"]
[Date "2023.01.03"]
[WhiteClock "0:00:44"]
[BlackClock "0:00:05"]

1. e4 c6 2. Nf3 d5 3. Nc3 Bg4 4. h3 Bxf3 5. Qxf3 Nf6 6. Be2 e6 7. O-O Nbd7 8. d4 dxe4 9. Nxe4 Nxe4 10. Qxe4 Nf6 11. Qe3 Bd6 12. c3 O-O 13. Rd1 Qc7 14. a4 Rfe8 15. Qf3 Rad8 16. Bc4 Nd5 17. g3 a6 18. a5 Be7 19. Kg2 Rd7 20. h4 Bf6 21. Bg5 Qd8 22. Qg4 Kh8 23. Bd3 g6 24. Bc2 h5 25. Bxf6+ Qxf6 26. Qe4 Kg7 27. Re1 Rde7 28. Qe5 Qxe5 29. dxe5 Rd7 30. Red1 Red8 31. Kf3 Kf8 32. Rd4 Nc7 33. Rxd7 Rxd7 34. Rd1 Rxd1 35. Bxd1 Ke7 36. Ke4 Nd5 37. f3 Kd7 38. g4 hxg4 39. fxg4 Ke7 40. Bf3 f6 41. exf6+ Kxf6 42. g5+ Ke7 43. Ke5 Kd7 44. Be4 Ne7 45. Kf6 Nf5 46. h5 gxh5 47. Bxf5 exf5 48. g6 f4 49. g7 1-0


[Site "https://www.chess.com"]

[Event "Titled Tuesday Blitz January 03 Early 2023"]
[White "Timofeev, Artyom"]
[Black "Bashirli, Nail"]
[WhiteFideId "4140419"]
[BlackFideId "13406809"]
[WhiteElo "2567"]
[BlackElo "2326"]
[Result "1/2-1/2"]
[Round "05"]
[TimeControl "180+2"]
[Date "2023.01.03"]
[WhiteClock "0:00:07"]
[BlackClock "0:00:11"]

1. d4 Nf6 2. Nc3 d6 3. e4 g6 4. Bf4 Bg7 5. Qd2 c6 6. O-O-O b5 7. Bd3 Qb6 8. Nf3 Bg4 9. e5 dxe5 10. dxe5 Nh5 11. Be3 Qa5 12. Kb1 O-O 13. Bh6 Nd7 14. Bxg7 Nxg7 15. Nd5 Qxd2 16. Nxe7+ Kh8 17. Rxd2 Bxf3 18. gxf3 Nxe5 19. Be4 Ne6 20. Nxc6 Nxc6 21. Bxc6 Rab8 22. Rhd1 Kg7 23. h4 Rb6 24. Be4 Nf4 25. Rd4 Re8 26. a3 Re5 27. Rd7 a5 28. Ra7 b4 29. Rdd7 Rf6 30. axb4 axb4 31. Rab7 Ng2 32. Rxb4 Nxh4 33. Rd3 Ng2 34. Rb8 h5 35. b4 h4 36. Rdd8 Nf4 37. Rh8 Rb6 38. Rbg8+ Kf6 39. Rxh4 Rxb4+ 40. Kc1 Ne6 41. Rhh8 Reb5 42. Rc8 Ng5 43. Rhe8 Kg7 44. Kd2 Rb6 45. Rc3 Ne6 46. Re3 Rd4+ 47. Bd3 Ng5 48. Kc3 Rf4 49. Be4 Rbf6 50. Rd8 Rb6 51. Rdd3 Rff6 52. Kd2 Nh3 53. Rd7 Nxf2 54. Ke2 Nh3 55. Rc3 Nf4+ 56. Ke3 Ne6 57. Ra7 Rb4 58. Rd3 Nc5 59. Rd4 Rb1 60. Rc4 Ne6 61. Bd5 Re1+ 62. Kd2 Re5 63. Bxe6 Rexe6 64. Rc3 Rd6+ 65. Ke2 Rde6+ 66. Re3 Rc6 67. c3 Rfd6 68. Kf2 Rc5 69. Kg3 Rcc6 70. Ra3 Rf6 71. Rb3 Rf5 72. Ra3 Rc4 73. Kf2 Rg5 74. Rb3 Rf5 75. Rb4 Rcc5 76. c4 Rf4 77. Rc3 g5 78. Kg3 Kg6 79. Ra4 f6 80. Rb4 Rc6 81. Ra4 Rc7 82. Rb4 Rc6 83. Ra4 Rd4 84. Rb4 f5 85. Rc2 f4+ 86. Kg2 Rc5 87. Ra4 Kf5 88. Rb4 g4 89. Rb5 Rxb5 90. cxb5 gxf3+ 91. Kxf3 Rd3+ 92. Kf2 Rb3 93. Rc8 Rb2+ 94. Kf3 Rb3+ 95. Kf2 Rxb5 96. Rf8+ Kg4 97. Rg8+ Kf5 98. Rf8+ Ke5 99. Re8+ Kf6 100. Rf8+ Kg5 101. Rg8+ Kf5 102. Rf8+ 1/2-1/2


[Site "https://www.chess.com"]

[Event "Titled Tuesday Blitz January 03 Early 2023"]
[White "Subelj, Jan"]
[Black "Terry, Renato"]
[WhiteFideId "14618583"]
[BlackFideId "3803457"]
[WhiteElo "2513"]
[BlackElo "2520"]
[Result "0-1"]
[Round "05"]
[TimeControl "180+2"]
[Date "2023.01.03"]
[WhiteClock "0:00:05"]
[BlackClock "0:01:18"]

1. d4 d5 2. Nf3 Nf6 3. c3 c5 4. dxc5 e6 5. b4 a5 6. e3 b6 7. Bb5+ Bd7 8. Bxd7+ Qxd7 9. cxb6 axb4 10. O-O Qb5 11. cxb4 Bxb4 12. Bb2 Nbd7 13. a4 Qxb6 14. Nc3 O-O 15. Nb5 Ne4 16. Rb1 Qa5 17. Bxg7 Kxg7 18. Qd4+ Kg8 19. Rxb4 Rfc8 20. Nd2 Nef6 21. Qh4 Kh8 22. Nb3 Qb6 23. Rf4 e5 24. Rf3 Rc4 25. Qh6 Rg8 26. Nd2 Rxa4 27. Nc3 Rag4 28. g3 R8g6 29. Qh3 Qc6 30. Rc1 Rg8 31. Ne2 Qe6 32. Qg2 Qb6 33. h3 R4g6 34. Rf5 Qb2 35. Rd1 Qc2 36. Qf1 Qxf5 0-1


[Site "https://www.chess.com"]

[Event "Titled Tuesday Blitz January 03 Early 2023"]
[White "Rozman, Levy"]
[Black "Molina, Roberto Junio Brito"]
[WhiteFideId "2039877"]
[BlackFideId "2109450"]
[WhiteElo "2322"]
[BlackElo "2403"]
[Result "0-1"]
[Round "05"]
[TimeControl "180+2"]
[Date "2023.01.03"]
[WhiteClock "0:00:09"]
[BlackClock "0:00:06"]

1. d4 d5 2. Bg5 h6 3. Bh4 c6 4. Nc3 Bf5 5. f3 g5 6. Bf2 Nf6 7. g4 Bg6 8. h4 Bg7 9. Nh3 Qb6 10. Rb1 Nbd7 11. Bg2 gxh4 12. Nf4 O-O-O 13. Nxg6 fxg6 14. Rxh4 g5 15. Rh1 Nf8 16. Qd3 Kb8 17. b4 Ka8 18. a4 Ne6 19. e3 Qc7 20. b5 c5 21. b6 Qc6 22. Nb5 cxd4 23. Nxa7 Qc4 24. Qxc4 dxc4 25. Rb5 dxe3 26. Bxe3 Nd5 27. Kf2 Nxe3 28. Kxe3 Bd4+ 29. Ke2 Nf4+ 30. Kf1 Be3 31. Ke1 Nxg2+ 32. Kf1 Nf4 33. Ke1 Rd2 34. Rxg5 Rhd8 0-1


[Site "https://www.chess.com"]

[Event "Titled Tuesday Blitz January 03 Early 2023"]
[White "Maksimovic, Bojan"]
[Black "Xu, Yi"]
[WhiteFideId "14408120"]
[BlackFideId "8605564"]
[WhiteElo "2486"]
[BlackElo "2527"]
[Result "0-1"]
[Round "05"]
[TimeControl "180+2"]
[Date "2023.01.03"]
[WhiteClock "0:00:14"]
[BlackClock "0:00:09"]

1. g3 Nf6 2. Bg2 d5 3. Nf3 e6 4. O-O Be7 5. c4 O-O 6. d4 dxc4 7. Qc2 a6 8. a4 Bd7 9. Qxc4 Bc6 10. Bg5 Bd5 11. Qc1 Nc6 12. Nc3 Nxd4 13. Nxd4 Bxg2 14. Nxe6 Qd6 15. Nxf8 Bxf1 16. Qxf1 Rxf8 17. Rd1 Qb4 18. Bxf6 Bxf6 19. Nd5 Qxa4 20. Nxf6+ gxf6 21. e3 c5 22. Rd6 Qb3 23. Qe2 f5 24. Rd3 Qc4 25. Qd2 b5 26. Rd5 Qb4 27. Qc2 c4 28. Rxf5 f6 29. Rd5 Qe7 30. Qf5 Rd8 31. e4 Rxd5 32. exd5 Qd6 33. f4 Kg7 34. Qe4 a5 35. Kg2 a4 36. h4 c3 37. bxc3 a3 38. Qd4 Kh6 39. Qd2 f5 40. Kf1 Kg6 41. Ke2 Qa6 42. d6 b4+ 43. Kf2 a2 44. d7 a1=Q 45. d8=Q Q1f1+ 46. Ke3 Qe6+ 47. Kd4 Qfc4# 0-1


[Site "https://www.chess.com"]

[Event "Titled Tuesday Blitz January 03 Early 2023"]
[White "Krysa, Leandro"]
[Black "Grigoriants, Sergey"]
[WhiteFideId "116807"]
[BlackFideId "4130804"]
[WhiteElo "2541"]
[BlackElo "2562"]
[Result "0-1"]
[Round "05"]
[TimeControl "180+2"]
[Date "2023.01.03"]
[WhiteClock "0:00:06"]
[BlackClock "0:00:07"]

1. e4 e5 2. Nf3 Nc6 3. d4 exd4 4. Nxd4 Nf6 5. Nxc6 bxc6 6. e5 Qe7 7. Qe2 Nd5 8. Nd2 g6 9. c4 Nb6 10. b3 Bg7 11. Bb2 O-O 12. O-O-O d5 13. exd6 Bxb2+ 14. Kxb2 Qf6+ 15. Kc2 Bf5+ 16. Ne4 cxd6 17. g4 Bxe4+ 18. Qxe4 Qxf2+ 19. Rd2 Qc5 20. Qd4 Qa5 21. Kb1 d5 22. cxd5 Nxd5 23. Bc4 Rad8 24. Rhd1 Nc3+ 25. Qxc3 Qxc3 26. Rxd8 a5 27. a4 Qf3 28. Rxf8+ Kxf8 29. Rf1 Qe4+ 30. Kb2 f5 31. gxf5 gxf5 32. Kc3 Kg7 33. Bd3 Qe5+ 34. Kc2 f4 35. Rf2 Qc5+ 0-1


[Site "https://www.chess.com"]

[Event "Titled Tuesday Blitz January 03 Early 2023"]
[White "Liyanage, Ranindu Dilshan"]
[Black "Zierk, Steven"]
[WhiteFideId "9915834"]
[BlackFideId "2034255"]
[WhiteElo "2342"]
[BlackElo "2488"]
[Result "0-1"]
[Round "05"]
[TimeControl "180+2"]
[Date "2023.01.03"]
[WhiteClock "0:00:46"]
[BlackClock "0:01:23"]

1. e4 e6 2. d4 d5 3. Nc3 Bb4 4. exd5 exd5 5. Bd3 Nc6 6. Ne2 Nge7 7. O-O Bf5 8. a3 Bxc3 9. bxc3 O-O 10. Ng3 Bxd3 11. cxd3 Qd7 12. Qf3 Rfe8 13. Rb1 b6 14. h4 Qe6 15. Bf4 Nf5 16. Bxc7 Nxh4 17. Qh5 Ng6 18. c4 Qd7 19. cxd5 Nxd4 20. d6 Nf4 21. Qg5 Nf3+ 0-1


[Site "https://www.chess.com"]

[Event "Titled Tuesday Blitz January 03 Early 2023"]
[White "Rostomyan, Mikayel"]
[Black "Babazada, Khazar"]
[WhiteFideId "13313754"]
[BlackFideId "13413554"]
[WhiteElo "2222"]
[BlackElo "2474"]
[Result "1-0"]
[Round "05"]
[TimeControl "180+2"]
[Date "2023.01.03"]
[WhiteClock "0:00:36"]
[BlackClock "0:00:21"]

1. d4 Nf6 2. Nf3 g6 3. b3 Bg7 4. Bb2 O-O 5. e3 b6 6. Be2 Bb7 7. O-O d6 8. c4 Nbd7 9. Nc3 Ne4 10. a4 a5 11. Qc2 Nxc3 12. Bxc3 e5 13. dxe5 dxe5 14. Rad1 Qe7 15. Qb2 Rfd8 16. Rd2 f6 17. Rfd1 Nc5 18. Ne1 Rxd2 19. Rxd2 Rd8 20. Bf3 e4 21. Be2 Rxd2 22. Bxd2 f5 23. Bc3 Bxc3 24. Qxc3 Qg7 25. Qxg7+ Kxg7 26. Bd1 Kf6 27. Kf1 c6 28. Ke2 b5 29. cxb5 cxb5 30. axb5 Bd5 31. Kd2 Bxb3 32. Bxb3 Nxb3+ 33. Kc3 Nc5 34. Kc4 Nb7 35. Kd5 Ke7 36. Kc6 Nd8+ 37. Kc7 Ne6+ 38. Kc8 a4 39. b6 Nc5 40. b7 Na6 41. Nc2 Ke6 42. Nb4 a3 43. Nxa6 a2 44. Nc5+ 1-0


[Site "https://www.chess.com"]

[Event "Titled Tuesday Blitz January 03 Early 2023"]
[White "Ohanyan, Emin"]
[Black "Csonka, Balazs"]
[WhiteFideId "13312022"]
[BlackFideId "742910"]
[WhiteElo "2444"]
[BlackElo "2496"]
[Result "1-0"]
[Round "05"]
[TimeControl "180+2"]
[Date "2023.01.03"]
[WhiteClock "0:00:06"]
[BlackClock "0:00:02"]

1. e4 c5 2. Nf3 d6 3. d4 cxd4 4. Nxd4 Nf6 5. Nc3 a6 6. Bc4 e6 7. Bb3 Nc6 8. f4 Be7 9. f5 Nxd4 10. Qxd4 exf5 11. O-O fxe4 12. Nxe4 O-O 13. Bf4 d5 14. Nxf6+ Bxf6 15. Qxd5 Qxd5 16. Bxd5 Bxb2 17. Rab1 Bd4+ 18. Kh1 Bf6 19. c4 Be6 20. Rxb7 Rac8 21. Ra7 Bxd5 22. cxd5 Rfd8 23. d6 Rc6 24. h3 h5 25. Rd1 Rc4 26. Bh2 Rd4 27. Rxd4 Bxd4 28. Rxa6 f6 29. Rc6 g5 30. a4 Kf7 31. Rc7+ Ke6 32. Re7+ Kd5 33. a5 Bc5 34. a6 Bxd6 35. Bxd6 Kxd6 36. Rf7 Ke6 37. Rb7 Ra8 38. a7 Kd6 39. Kh2 Kc6 40. Rf7 Kd5 41. Kg3 Ke6 42. Rb7 Ke5 43. Kf3 Kf5 44. Rb5+ Ke6 45. Ra5 f5 46. Ke3 Kf6 47. Kd4 Ke6 48. Ra6+ Kd7 49. Ke5 f4 50. Kf5 g4 51. hxg4 hxg4 52. Kxg4 Kc7 53. Kxf4 Kb7 54. Ra3 Rf8+ 55. Ke5 Ka8 56. g4 Re8+ 57. Kf6 Rf8+ 58. Kg7 Rf1 59. g5 Rg1 60. g6 Rg2 61. Kf7 Rf2+ 62. Kg8 Rg2 63. g7 Rg1 64. Rf3 Kxa7 65. Kf8 Rxg7 66. Kxg7 1-0


[Site "https://www.chess.com"]

[Event "Titled Tuesday Blitz January 03 Early 2023"]
[White "Ibarra Jerez, Jose Carlos"]
[Black "Volkov, Maksim"]
[WhiteFideId "2226332"]
[BlackFideId "54123070"]
[WhiteElo "2563"]
[BlackElo "2258"]
[Result "1-0"]
[Round "05"]
[TimeControl "180+2"]
[Date "2023.01.03"]
[WhiteClock "0:00:10"]
[BlackClock "0:00:03"]

1. e4 c5 2. Nc3 d6 3. d4 cxd4 4. Qxd4 Nc6 5. Qd2 g6 6. b3 Bh6 7. f4 e5 8. Nb5 Bxf4 9. Qxd6 Qxd6 10. Nxd6+ Ke7 11. Ba3 Be6 12. Nxb7+ Kf6 13. Nf3 Nge7 14. g3 Bh6 15. Nc5 Bg4 16. Be2 Bxf3 17. Bxf3 Nd4 18. Bd1 Nec6 19. O-O+ Kg7 20. Nd3 Rhd8 21. Kg2 Rac8 22. Bc5 Ne6 23. Ba3 Bg5 24. h4 Bf6 25. Nf2 h5 26. c3 Kg8 27. Rc1 Rd2 28. Rc2 Rcd8 29. Bc1 R2d7 30. Be2 Rc7 31. Rd2 Rdc8 32. Rfd1 Bg7 33. Rd7 Rxd7 34. Rxd7 Bf8 35. Ba6 Rb8 36. b4 Rb6 37. Bc4 Nb8 38. Rxa7 Nd8 39. Be3 Rc6 40. Bd5 Rxc3 41. Bb6 Nbc6 42. Ra8 Ne6 43. b5 Ne7 44. Bxe6 fxe6 45. a4 Rb3 46. Bc5 Kf7 47. b6 Rc3 48. Bd6 Rb3 49. a5 Bh6 50. Ra7 Bf8 51. b7 Nc6 52. b8=Q+ 1-0


[Site "https://www.chess.com"]

[Event "Titled Tuesday Blitz January 03 Early 2023"]
[White "Martynov, Pavel"]
[Black "Sethuraman, S.P."]
[WhiteFideId "4101260"]
[BlackFideId "5021596"]
[WhiteElo "2414"]
[BlackElo "2626"]
[Result "0-1"]
[Round "05"]
[TimeControl "180+2"]
[Date "2023.01.03"]
[WhiteClock "0:00:01"]
[BlackClock "0:00:07"]

1. e4 c5 2. Nf3 Nc6 3. Bb5 g6 4. O-O Bg7 5. c3 Nf6 6. Re1 Qb6 7. Na3 O-O 8. h3 d5 9. e5 Ne8 10. d4 cxd4 11. cxd4 Nc7 12. Bf1 Bf5 13. Nc2 Ne6 14. Be3 Qxb2 15. Bd3 Bxd3 16. Qxd3 Qb6 17. Reb1 Qc7 18. a4 Rac8 19. Nb4 Nxb4 20. Rxb4 Nd8 21. Rab1 b6 22. Qd2 Nc6 23. Rb5 Qd7 24. Bh6 Rfd8 25. g4 Na5 26. Qg5 Rc3 27. Bxg7 Kxg7 28. Nh4 Kh8 29. Kg2 Nc6 30. Qd2 Rc4 31. Nf3 Rxa4 32. Qf4 Kg8 33. Ng5 Qe8 34. e6 f6 35. Nf7 Rc8 36. Rxd5 Nd8 37. Nh6+ Kg7 38. Re1 Qc6 39. Nf5+ gxf5 40. Qf3 Nxe6 41. gxf5 Ng5 42. Rxe7+ Kf8 43. Rdd7 Qxf3+ 44. Kh2 Qxf2+ 45. Kh1 Rc1+ 0-1


[Site "https://www.chess.com"]

[Event "Titled Tuesday Blitz January 03 Early 2023"]
[White "Ozen, Bahadir"]
[Black "Khoroshev, Nikita"]
[WhiteFideId "6337058"]
[BlackFideId "14200287"]
[WhiteElo "2369"]
[BlackElo "2336"]
[Result "0-1"]
[Round "05"]
[TimeControl "180+2"]
[Date "2023.01.03"]
[WhiteClock "0:00:01"]
[BlackClock "0:00:02"]

1. g3 d5 2. Nf3 Nf6 3. Bg2 Nc6 4. O-O e5 5. d3 h6 6. c3 a5 7. Nbd2 Be6 8. Qc2 Be7 9. b3 O-O 10. a3 Re8 11. Bb2 Bf8 12. e4 dxe4 13. dxe4 Nd7 14. b4 b5 15. Rfd1 Qc8 16. c4 axb4 17. cxb5 Na7 18. axb4 Nxb5 19. Nc4 f6 20. Bf1 Rxa1 21. Bxa1 Qb8 22. Na5 Na3 23. Qc1 Qxb4 24. Qxc7 Nb5 25. Qb7 Qxa5 26. Qxb5 Qxb5 27. Bxb5 Re7 28. Nh4 Rf7 29. Nf5 Nc5 30. f3 Nb3 31. Bb2 Rb7 32. Ba6 Rb6 33. Be2 Kf7 34. Kg2 g6 35. Ne3 Bc5 36. Nd5 Rb7 37. Bc3 Nd4 38. Bc4 Ra7 39. Rd2 Ra3 40. f4 Kg7 41. fxe5 fxe5 42. Bb2 Ra4 43. Bf1 Nb3 44. Rc2 Bd4 45. Bxd4 Nxd4 46. Rc7+ Bf7 47. Ne7 Ne6 48. Bc4 Nxc7 0-1


[Site "https://www.chess.com"]

[Event "Titled Tuesday Blitz January 03 Early 2023"]
[White "Khumalo, Keith"]
[Black "Harsha Bharathakoti"]
[WhiteFideId "14319470"]
[BlackFideId "5078776"]
[WhiteElo "2099"]
[BlackElo "2602"]
[Result "1-0"]
[Round "05"]
[TimeControl "180+2"]
[Date "2023.01.03"]
[WhiteClock "0:01:22"]
[BlackClock "0:00:20"]

1. d4 Nf6 2. c4 c5 3. d5 g6 4. Nc3 Bg7 5. Nf3 d6 6. h3 O-O 7. Bf4 Re8 8. e3 Na6 9. Be2 Nc7 10. O-O a6 11. a4 Rb8 12. e4 Nh5 13. Bg5 h6 14. Be3 e5 15. dxe6 Nxe6 16. Qd2 Kh7 17. Rfd1 Bf8 18. g4 Nf6 19. e5 dxe5 20. Qxd8 Nxd8 21. Nxe5 Be6 22. b3 Nc6 23. Nxc6 bxc6 24. Rab1 Nd7 25. Ne4 f5 26. Rxd7+ Bxd7 27. Nf6+ Kg7 28. Nxd7 Rb7 29. Nxf8 Rxf8 30. Bxc5 Re8 31. Bf3 Re6 32. gxf5 gxf5 33. b4 Kg6 34. b5 axb5 35. axb5 Rb8 36. b6 1-0


[Site "https://www.chess.com"]

[Event "Titled Tuesday Blitz January 03 Early 2023"]
[White "Sanal, Vahap"]
[Black "Freitag, Manfred"]
[WhiteFideId "6300545"]
[BlackFideId "1602004"]
[WhiteElo "2600"]
[BlackElo "2352"]
[Result "1-0"]
[Round "05"]
[TimeControl "180+2"]
[Date "2023.01.03"]
[WhiteClock "0:00:34"]
[BlackClock "0:00:04"]

1. e4 c5 2. Nf3 d6 3. d4 cxd4 4. Nxd4 Nf6 5. Nc3 a6 6. a3 g6 7. f3 Bg7 8. Be3 O-O 9. Qd2 Nc6 10. O-O-O Bd7 11. g4 Rc8 12. h4 h5 13. g5 Ne8 14. Kb1 Nc7 15. f4 Nxd4 16. Bxd4 Bxd4 17. Qxd4 Bc6 18. Rg1 e5 19. fxe5 dxe5 20. Qxe5 Qe8 21. Qf6 Qe6 22. Qxe6 Nxe6 23. Bh3 Rce8 24. Rgf1 Nc5 25. Rf4 Nxe4 26. Nxe4 Bxe4 27. b4 Bc6 28. Bf1 Re4 29. Rxe4 Bxe4 30. Bc4 Rc8 31. Bb3 Rc7 32. Rd8+ Kg7 33. Kb2 Re7 34. c4 Bf5 35. c5 Re2+ 36. Kc1 Re3 37. Bd5 Rxa3 38. Bxb7 a5 39. bxa5 Rxa5 40. c6 Be4 41. Kd2 Rc5 42. Rd6 Kf8 43. Ke3 Bg2 44. Kd4 Rc1 45. Ke5 Ke7 46. Rd7+ Ke8 47. Kd6 Bh3 48. Re7+ Kf8 49. Re3 Bg2 50. Kc7 Rb1 51. Re2 Bf3 52. Rf2 Bh1 53. Rf4 Ke7 54. Bc8 Bxc6 55. Kxc6 Rc1+ 56. Kb7 Rb1+ 57. Ka7 Ra1+ 58. Kb6 Rb1+ 59. Ka5 Ra1+ 60. Kb4 Rb1+ 61. Ka3 Rc1 62. Bb7 Rc7 63. Bd5 Kf8 64. Kb4 Kg7 65. Rf6 Rd7 66. Kc5 Re7 67. Kd6 Ra7 68. Rxf7+ Rxf7 69. Bxf7 Kxf7 70. Kd7 Kf8 71. Ke6 Kg8 72. Kf6 Kh7 73. Kf7 Kh8 74. Kxg6 Kg8 75. Kxh5 1-0


[Site "https://www.chess.com"]

[Event "Titled Tuesday Blitz January 03 Early 2023"]
[White "Gunina, Valentina"]
[Black "Ingebretsen, Jens E"]
[WhiteFideId "4167570"]
[BlackFideId "1522965"]
[WhiteElo "2469"]
[BlackElo "2342"]
[Result "1-0"]
[Round "05"]
[TimeControl "180+2"]
[Date "2023.01.03"]
[WhiteClock "0:00:06"]
[BlackClock "0:00:10"]

1. d4 Nf6 2. c4 e6 3. Nf3 d5 4. Nc3 c6 5. e3 Nbd7 6. Be2 Bd6 7. O-O O-O 8. b3 b6 9. Bb2 Bb7 10. Bd3 Rc8 11. Re1 Re8 12. h3 e5 13. dxe5 Nxe5 14. cxd5 Nxd3 15. Qxd3 cxd5 16. Nb5 Bb8 17. Rac1 Rxc1 18. Rxc1 Ba6 19. Nfd4 Qd7 20. Nc6 Rc8 21. Nxb8 Rxc1+ 22. Bxc1 Qxb5 23. Qc2 Qf1+ 24. Kh2 Qd3 25. Qc7 Bb5 26. Qxa7 Qc2 27. Qxb6 Be8 28. Ba3 Qxf2 29. Be7 Ne4 30. Qc7 Nd2 31. h4 Nf1+ 32. Kh3 Qxe3+ 33. g3 Qe4 34. Qf4 Qh1+ 35. Kg4 Nh2+ 36. Kf5 Qb1+ 37. Ke5 f6+ 38. Kd6 Qe4 39. Na6 Nf3 40. Nc5 Qxf4+ 41. gxf4 d4 42. Kd5 Bg6 43. Kc4 Bf7+ 44. Kb4 Ne1 45. a4 Nc2+ 46. Kb5 Bxb3 47. Nxb3 d3 48. a5 Nd4+ 49. Kc4 Nxb3 50. Kxb3 d2 51. Kc2 Kf7 52. Bc5 d1=Q+ 53. Kxd1 Ke6 54. a6 Kd7 55. a7 Kc6 56. a8=Q+ Kxc5 57. Qa7+ Kd5 58. Qxg7 Ke6 59. Qxh7 f5 60. Qg6+ Ke7 61. Qxf5 1-0


[Site "https://www.chess.com"]

[Event "Titled Tuesday Blitz January 03 Early 2023"]
[White "Atanasov, Anthony"]
[Black "Tactrics"]
[WhiteFideId "2623897"]
[WhiteElo "2368"]
[BlackElo "2846"]
[Result "0-1"]
[Round "05"]
[TimeControl "180+2"]
[Date "2023.01.03"]
[WhiteClock "0:00:01"]
[BlackClock "0:00:44"]

1. d4 e6 2. Bf4 Nf6 3. e3 b6 4. Nf3 Bb7 5. Nbd2 c5 6. Nc4 cxd4 7. exd4 d6 8. c3 Be7 9. h3 O-O 10. Be2 Qc7 11. a4 Nbd7 12. Ne3 Rfe8 13. O-O Bf8 14. Bh2 a6 15. Re1 g6 16. Qb3 Rac8 17. Rac1 Bh6 18. c4 Ne4 19. a5 bxa5 20. c5 e5 21. Bc4 exd4 22. cxd6 Qb6 23. Bxf7+ Kg7 24. Qxb6 Nxb6 25. Bxe8 dxe3 26. Kf1 exf2 27. Rxe4 Rxc1+ 28. Ne1 Bxe4 29. d7 0-1


[Site "https://www.chess.com"]

[Event "Titled Tuesday Blitz January 03 Early 2023"]
[White "Bodnaruk, Anastasia"]
[Black "Bryakin, Mikhail"]
[WhiteFideId "4181751"]
[BlackFideId "4165314"]
[WhiteElo "2350"]
[BlackElo "2455"]
[Result "0-1"]
[Round "05"]
[TimeControl "180+2"]
[Date "2023.01.03"]
[WhiteClock "0:00:02"]
[BlackClock "0:00:51"]

1. e4 d5 2. exd5 Qxd5 3. Nc3 Qe5+ 4. Be2 Bg4 5. d4 Bxe2 6. Ngxe2 Qa5 7. O-O Nf6 8. b4 Qh5 9. f3 Qf5 10. b5 g6 11. Ng3 Qd7 12. Be3 Nd5 13. Nxd5 Qxd5 14. Qe2 Bg7 15. c4 Qd7 16. d5 O-O 17. Rad1 a6 18. b6 cxb6 19. Bxb6 Re8 20. Ne4 Qc8 21. Bd4 Nd7 22. Bxg7 Kxg7 23. Qb2+ Kg8 24. Qd4 Qc7 25. c5 Rac8 26. Rc1 Qe5 27. Qa4 Red8 28. Qb3 Nxc5 29. Nxc5 Rxc5 30. Rxc5 Qd4+ 31. Kh1 Qxc5 32. Qxb7 Qb5 33. Qxb5 axb5 34. Rd1 Kf8 35. Kg1 e6 36. d6 Ke8 37. Kf2 Ra8 38. Rd2 Kd7 39. Ke3 Ra6 40. Rb2 Kxd6 41. Rxb5 Rxa2 42. Rb7 f6 43. Rxh7 Rxg2 44. h4 Ke5 45. Rg7 Kf5 46. h5 g5 47. h6 Rh2 48. h7 Rh3 49. Kf2 Kf4 50. Kg2 Rh4 51. Rg6 Kf5 52. Rg7 Rh6 53. Kg3 Rh1 54. Kg2 Rh5 55. Kg3 Rh6 56. Kg2 e5 57. Kg3 Rh5 58. Kg2 Kf4 59. Rxg5 Rxg5+ 0-1


[Site "https://www.chess.com"]

[Event "Titled Tuesday Blitz January 03 Early 2023"]
[White "Sadykov, Ramil"]
[Black "Nenezic, Marko"]
[WhiteFideId "24113590"]
[BlackFideId "912123"]
[WhiteElo "2345"]
[BlackElo "2514"]
[Result "1-0"]
[Round "05"]
[TimeControl "180+2"]
[Date "2023.01.03"]
[WhiteClock "0:00:08"]
[BlackClock "0:00:20"]

1. e4 c5 2. Nf3 d6 3. d4 cxd4 4. Nxd4 Nf6 5. Nc3 a6 6. Bc4 e6 7. Bb3 b5 8. Bg5 Be7 9. Qf3 Qc7 10. e5 Bb7 11. exd6 Bxd6 12. Qe3 Be7 13. Bxe6 O-O 14. O-O-O b4 15. Bxf6 bxc3 16. Be5 Qb6 17. Bb3 cxb2+ 18. Kb1 Bf6 19. Rhe1 Nd7 20. Bxf6 Qxf6 21. Qe7 Rfd8 22. Qxf6 Nxf6 23. f3 Kf8 24. Kxb2 a5 25. a4 g6 26. Nb5 Nh5 27. Nd6 Bc6 28. Nxf7 Rdb8 29. Ne5 Bxa4 30. Ka3 Be8 31. Nd7+ Kg7 32. Nxb8 Rxb8 33. Re7+ Kh6 34. Ba4 Bxa4 35. Kxa4 Nf4 36. g3 Ng2 37. Rdd7 Kg5 38. Rxh7 Ne3 39. h4+ Kf5 40. Rhf7+ Ke6 41. Rfe7+ Kf5 42. Rxe3 1-0


[Site "https://www.chess.com"]

[Event "Titled Tuesday Blitz January 03 Early 2023"]
[White "Nigmatov, Ortik"]
[Black "Koutlas, Nikolaos"]
[WhiteFideId "14202131"]
[BlackFideId "25827138"]
[WhiteElo "2438"]
[BlackElo "2341"]
[Result "0-1"]
[Round "05"]
[TimeControl "180+2"]
[Date "2023.01.03"]
[WhiteClock "0:00:30"]
[BlackClock "0:00:09"]

1. c4 Nf6 2. Nf3 g6 3. g3 Bg7 4. Bg2 c5 5. O-O d5 6. cxd5 Nxd5 7. Nc3 Nc7 8. d3 O-O 9. Be3 Bd4 10. Bh6 Bg7 11. Bxg7 Kxg7 12. Ne4 b6 13. d4 Bb7 14. Qd3 Nc6 15. dxc5 Qxd3 16. exd3 Nb4 17. cxb6 axb6 18. Ne5 Rfd8 19. Rac1 Ne6 20. a3 Nxd3 21. Nxd3 Rxd3 22. Rc4 Rb3 23. Nd2 Rxb2 24. Bxb7 Ra7 25. Bd5 Rxd2 26. Bxe6 fxe6 27. Rb4 Rxa3 28. Rxb6 Kf7 29. Re1 Raa2 30. Rf1 e5 31. Rb3 Re2 32. Rc3 e4 33. Rb3 Kf6 34. Rc3 Ke5 35. Rb3 e6 36. Rc3 h6 37. Rb3 g5 38. Rc3 g4 39. Rb3 Kf5 40. Rb5+ e5 41. Rb3 h5 42. Rc3 h4 43. gxh4 Kg6 44. Rb3 Kh5 45. Rb5 Kxh4 46. Rxe5 Rab2 47. Re8 Kg5 48. Rg8+ Kf5 49. Rf8+ Ke6 50. Kg2 e3 51. Kg3 Rxf2 52. Re1 Rxf8 53. Rxe3+ Kd7 54. Kxg4 Rxh2 55. Rd3+ Ke6 56. Re3+ Kd5 57. Rd3+ Ke4 58. Rd8 Rg2+ 59. Kh3 Rxd8 60. Kxg2 Rd3 0-1


[Site "https://www.chess.com"]

[Event "Titled Tuesday Blitz January 03 Early 2023"]
[White "Kopylov, Alexander A."]
[Black "Hnydiuk, Aleksander"]
[WhiteFideId "4164857"]
[BlackFideId "1109057"]
[WhiteElo "2397"]
[BlackElo "2363"]
[Result "0-1"]
[Round "05"]
[TimeControl "180+2"]
[Date "2023.01.03"]
[WhiteClock "0:01:42"]
[BlackClock "0:00:51"]

1. e4 e5 2. Nf3 Nc6 3. Nc3 Nf6 4. h3 Be7 5. d4 exd4 6. Nxd4 O-O 7. Nxc6 bxc6 8. Bc4 Bb4 9. O-O Bxc3 10. bxc3 Nxe4 11. Bd3 Re8 12. Re1 Nc5 13. Bxh7+ Kxh7 14. Qh5+ Kg8 15. Rxe8+ Qxe8 16. Qxc5 d6 17. Qa5 Qe1+ 18. Kh2 Qxf2 19. Qxc7 Be6 20. Qxd6 Bd5 21. Qg3 Qxc2 22. Bf4 Re8 23. Rg1 Re2 24. Be5 Qg6 25. Qxg6 fxg6 26. a3 Rxe5 0-1


[Site "https://www.chess.com"]

[Event "Titled Tuesday Blitz January 03 Early 2023"]
[White "Boruchovsky, Avital"]
[Black "Reprintsev, Alexander"]
[WhiteFideId "2800055"]
[BlackFideId "14100541"]
[WhiteElo "2539"]
[BlackElo "2253"]
[Result "1-0"]
[Round "05"]
[TimeControl "180+2"]
[Date "2023.01.03"]
[WhiteClock "0:00:32"]
[BlackClock "0:00:49"]

1. b3 f5 2. Bb2 Nf6 3. g3 g6 4. Bg2 Bg7 5. c4 d6 6. Nc3 e5 7. d4 e4 8. Nh3 O-O 9. Nf4 c6 10. d5 Re8 11. h4 a6 12. Qc2 Bd7 13. O-O-O c5 14. h5 g5 15. Ne6 Bxe6 16. dxe6 Rxe6 17. h6 Bh8 18. Nd5 Nbd7 19. f3 b5 20. fxe4 Nxe4 21. Bxe4 Rxe4 22. Rdf1 Bxb2+ 23. Qxb2 Ne5 24. Rxf5 Rd4 25. Qc2 bxc4 26. Nf6+ Kf7 27. Nxh7+ Ke6 28. Nxg5+ Kd7 29. Rxe5 dxe5 30. Qf5+ Kd6 31. Nf7+ 1-0


[Site "https://www.chess.com"]